 Dungeon Crawl Stone Soup version 0.24.1-1-gd1d2a07e1b (webtiles) character file.

Game seed: 9203985294541038940, levelgen mode: deterministic

650 gruber the Skirmisher (level 7, -6/48 HPs)
             Began as a Gargoyle Fighter on Apr 10, 2020.
             Was an Initiate of Okawaru.
             Mangled by Menkaure (15 damage)
             ... on level 4 of the Dungeon.
             The game lasted 00:04:07 (3683 turns).

gruber the Skirmisher (Gargoyle Fighter)            Turns: 3683, Time: 00:04:08

Health: -6/48      AC: 15    Str: 26    XL:     7   Next: 53%
Magic:  7/7        EV:  7    Int:  9    God:    Okawaru [......]
Gold:   273        SH:  9    Dex:  9    Spells: 6/6 levels left

rFire    . . .     SeeInvis .   a - +0 flail
rCold    . . .     Gourm    .   c - +0 shield
rNeg     + . .     Faith    .   b - +0 scale mail
rPois    ∞         Spirit   .   k - +1 hat
rElec    +         Reflect  .   o - scarf {cloud immunity}
rCorr    .         Harm     .   (no gloves)
MR       .....                  s - +2 pair of boots
Stlth    ..........             (no amulet)
HPRegen  0.16/turn              (no ring)
MPRegen  0.10/turn              (no ring)

@: mighty
A: negative energy resistance 1, electricity resistance, unbreathing,
petrification resistance, rot immunity, AC +4
a: Renounce Religion


You were on level 4 of the Dungeon.
You worshipped Okawaru.
Okawaru was noncommittal.
You were not hungry.

You visited 2 branches of the dungeon, and saw 6 of its levels.

You collected 273 gold pieces.

Inventory:

Hand Weapons
 a - a +0 flail (weapon)
Missiles
 v - a throwing net
 x - 7 poisoned darts (quivered)
Armour
 b - a +0 scale mail (worn)
 c - a +0 shield (worn)
 i - a +0 large shield
 k - a +1 hat (worn)
 o - a scarf of cloud immunity (worn)
 s - a +2 pair of boots (worn)
Jewellery
 p - an uncursed amulet of guardian spirit {unknown}
 u - a +2 ring of protection {unknown}
Scrolls
 e - 5 scrolls of identify {unknown}
 h - a scroll of immolation {unknown}
 j - 6 scrolls of remove curse {unknown}
 q - 2 scrolls of teleportation {unknown}
 w - a scroll of magic mapping {unknown}
 y - a scroll of random uselessness {unknown}
Potions
 g - 3 potions of curing {unknown}
 l - a potion of cancellation {unknown}
 m - a potion of degeneration {unknown}
 n - a potion of magic {unknown}
 r - 2 potions of heal wounds {unknown}
 t - 2 potions of brilliance {unknown}
Comestibles
 f - 6 rations


   Skills:
 - Level 7.1 Fighting
 * Level 5.8 Maces & Flails
 - Level 3.2 Armour
 - Level 3.2 Shields


You had 6 spell levels left.
You didn't know any spells.
Your spell library was empty.

Dungeon Overview and Level Annotations

Branches:
Dungeon (5/15)             Temple (1/1) D:4

Altars:
Cheibriados
Dithmenos
Elyvilon
Fedhas
Gozag
Makhleb
Nemelex Xobeh
Okawaru
Ru
Sif Muna
Trog
Vehumet
Wu Jian
Xom
Yredelemnul
Zin

Annotations:
D:4 Menkaure


Innate Abilities, Weirdness & Mutations

You are resistant to torment.
Your stone body is resilient. (AC +4)
You are immune to poison.
You resist negative energy. (rN+)
You are resistant to electric shocks. (rElec)
You can survive without breathing.
You are immune to petrification.
You are immune to rotting.


Message History

There is a stone staircase leading up here.
Menkaure hits you but does no damage.
Menkaure calls on the powers of darkness!
Your body is wracked with pain!
You climb upwards.
There is a stone staircase leading down here.
Unknown command.
You feel very mighty all of a sudden. You block Menkaure's attack.
You hit Menkaure.
Menkaure is moderately damaged.
Menkaure hits you!
* * * LOW HITPOINT WARNING * * *
You closely miss Menkaure.
Menkaure is moderately damaged.
Menkaure barely misses you. Menkaure hits you but does no damage.
You hit Menkaure.
Menkaure is heavily damaged.
Menkaure hits you!
You die...

## ##.#.#####..# #.♣ ♣
.###......)....# #.♣♣♣
#.#.###.#####.## #.♣♣. ##.##
#...###.#### #.♣.. #.#
###.##.....###### ##.♣..
#.######.##.###......# ##..♣..
#...........# #......#####...♣♣.
###########.###.##............♣♣
#...M@.....###........
#########.....÷.....<.
#.####........ #.#####.......
#.##.........# #.##.####...##
#.##.# ###### #....# # ###### #


You could see Menkaure.

Vanquished Creatures
  Grinder (D:4)
  3 scorpions
  A crimson imp (D:2)
  An orc priest (D:4)
  A hound (D:4)
  A centaur skeleton (D:4)
  3 worker ants (D:4)
  4 adders
  An ooze (D:2)
  An adder skeleton (D:4)
  A worm (D:2)
  6 orcs
  12 bats
  5 giant cockroaches
  5 goblins
  7 hobgoblins
  6 kobolds
  A quokka (D:4)
  2 ball pythons (D:2)
  3 frilled lizards
  5 rats
70 creatures vanquished.

Notes
Turn   | Place    | Note
-------+----------+-------------------------------------------
     0 | D:1      | gruber the Gargoyle Fighter began the quest for the Orb.
     0 | D:1      | Reached XP level 1. HP: 14/14 MP: 1/1
   248 | D:1      | Reached XP level 2. HP: 19/20 MP: 2/2
   302 | D:1      | Reached skill level 4 in Fighting
   722 | D:1      | Reached XP level 3. HP: 24/24 MP: 3/3
   853 | D:1      | Found a shimmering altar of Xom.
  1072 | D:2      | Reached skill level 5 in Fighting
  1072 | D:2      | Reached XP level 4. HP: 27/31 MP: 4/4
  1395 | D:2      | Found a burning altar of Makhleb.
  1395 | D:2      | Found a radiant altar of Vehumet.
  1508 | D:2      | Found a white marble altar of Elyvilon.
  1508 | D:2      | Found a blossoming altar of Fedhas.
  2189 | D:3      | Reached skill level 6 in Fighting
  2619 | D:3      | Reached XP level 5. HP: 36/36 MP: 5/5
  2694 | D:3      | Found a shadowy altar of Dithmenos.
  2970 | D:4      | Reached skill level 7 in Fighting
  3010 | D:4      | Reached XP level 6. HP: 44/44 MP: 6/6
  3088 | D:4      | Noticed Grinder
  3092 | D:4      | Paralysed by Grinder for 5 turns
  3109 | D:4      | Paralysed by Grinder for 5 turns
  3114 | D:4      | Killed Grinder
  3114 | D:4      | Reached skill level 5 in Maces & Flails
  3114 | D:4      | Reached XP level 7. HP: 36/48 MP: 7/7
  3152 | D:4      | Found a sparkling altar of Nemelex Xobeh.
  3513 | D:4      | Found a staircase to the Ecumenical Temple.
  3515 | D:4      | Found a faded altar of an unknown god.
  3528 | Temple   | Entered the Ecumenical Temple
  3562 | Temple   | Became a worshipper of Warmaster Okawaru
  3667 | D:5      | Entered Level 5 of the Dungeon
  3667 | D:5      | Noticed Menkaure
  3683 | D:4      | Mangled by Menkaure

Levels and vault maps discovered:
D:1:      sevenhm_arrival_forest_fort_small_6, layout_loops_corners,
          grunt_decor_arrowhead, minmay_indecisive_spiral
D:2:      layout_basic, gammafunk_temple_overflow_wave,
          gammafunk_temple_overflow_elements, minivault_11
D:3:      wad_pebble_path, layout_basic, nicolae_overflow_hidden_temple,
          first_ration, chequers_big_river
D:4:      layout_loops_ring, nemelex_xobeh_ov_fountains_minmay,
          nicolae_temple_entry_ecumenical, uniq_grinder
D:5:      layout_cave_pods, roderic_batcave, uniq_menkaure
Temple:   regret_index_temple_waves

Skill      XL: |  1  2  3  4  5  6 |
---------------+-------------------+-----
Fighting       | 4 5 6 7 |  7.1
Maces & Flails | 5 |  5.8
Armour         | |  3.2
Shields        | |  3.2

Action                   |  1- 3 |  4- 6 |  7- 9 || total
-------------------------+-------+-------+-------++-------
Melee: Flail             |   122 |   186 |    36 ||   344
  Use: Potion            |       |     1 |     1 ||     2
  Eat: Chunk             |       |     4 |     2 ||     6
       Ration            |       |     1 |       ||     1
Armor: Scale mail        |    77 |   130 |    14 ||   221
Dodge: Dodged            |    47 |    57 |     9 ||   113
Block: Shield            |    87 |   104 |    13 ||   204
